 Dungeon Crawl Stone Soup version 0.19-a0-32-gbfd796a (webtiles) character file.

5271 jyri the Brawler (level 10, -2/77 HPs)
             Began as a Ghoul Monk on May 2, 2016.
             Was a Priest of Yredelemnul.
             Slain by a hill giant
             ... wielding a cursed +0 giant club
              (11 damage)
             ... on level 10 of the Dungeon.
             The game lasted 00:37:07 (9295 turns).

jyri the Brawler (Ghoul Monk)                       Turns: 9295, Time: 00:37:08

Health: -2/77      AC: 17    Str: 18    XL:     10   Next: 62%
Magic:  10/10      EV:  5    Int:  5    God:    Yredelemnul [***...]
Gold:   561        SH:  0    Dex: 12    Spells: 0 memorised, 9 levels left

rFire  . . .     SeeInvis .       - Unarmed
rCold  + . .     Gourm    .     R - +0 plate armour
rNeg   + + +     Faith    .     (no shield)
rPois  ∞         Spirit   .     A - +2 helmet
rElec  .         Dismiss  .     (no cloak)
rCorr  .         Reflect  .     (no gloves)
SustAt .         Harm     .     g - +0 pair of boots
MR     .....                    (no amulet)
Stlth  ..........               C - ring of stealth
                                E - +3 ring of protection

@: rotting, not resistant to hostile enchantments, extremely unstealthy
A: rotting body, claws 1, carnivore 3, cold resistance 1, negative energy
resistance 3, slow regeneration 1, torment resistance, unbreathing
a: Recall Undead Slaves, Injury Mirror, Animate Dead, Renounce Religion


You were on level 10 of the Dungeon.
You worshipped Yredelemnul.
Yredelemnul was most pleased with you.
You were not hungry.

You visited 2 branches of the dungeon, and saw 12 of its levels.

You collected 561 gold pieces.

Inventory:

Hand Weapons
 b - a +0 hunting sling
 z - a +0 blowgun
 K - a +0 shortbow
Missiles
 a - 108 arrows
 l - 108 bolts
 s - 258 stones (quivered)
 u - 31 poisoned needles
 H - 104 sling bullets
Armour
 g - a +0 pair of boots (worn)
 A - a +2 helmet (worn)
 Q - a +3 leather armour of magic resistance
 R - a +0 plate armour (worn)
Jewellery
 C - a ring of stealth (right claw)
 E - a +3 ring of protection (left claw)
 F - an uncursed ring of ice
Wands
 k - a wand of flame (12/48)
 I - a wand of disintegration (15/24)
 O - a wand of digging (1/24)
 T - a wand of flame (15/48)
 U - a wand of random effects (9/48)
Scrolls
 d - 2 scrolls of magic mapping {unknown}
 j - 4 scrolls of remove curse
 m - 2 scrolls of amnesia {unknown}
 o - 2 scrolls of recharging {unknown}
 v - 2 scrolls of immolation {unknown}
 x - a scroll of blinking {unknown}
 y - a scroll of random uselessness {unknown}
 B - a scroll of teleportation {unknown}
 G - 3 scrolls of fear
 J - 2 scrolls of enchant weapon {unknown}
 P - 2 scrolls of noise {unknown}
Potions
 e - a potion of invisibility
 f - 2 potions of haste
 h - 2 potions of curing
 i - a potion of brilliance {unknown}
 n - 2 potions of agility
 p - 2 potions of magic
 r - 2 potions of lignification {unknown}
 t - a potion of mutation {unknown}
 w - a potion of degeneration {unknown}
 D - a potion of cancellation {unknown}
 M - a potion of flight {unknown}
 N - a potion of resistance
 S - a potion of heal wounds {unknown}
Comestibles
 c - 9 slices of pizza
 q - 4 meat rations
 L - a beef jerky


   Skills:
 - Level 3.2 Fighting
 - Level 2.6 Dodging
 - Level 2.1 Stealth
 - Level 16.1 Unarmed Combat
 * Level 2.3 Invocations


You had 9 spell levels left.
You didn't know any spells.

Dungeon Overview and Level Annotations

Branches:
Dungeon (11/15)            Temple (1/1) D:5
   Lair: D:8-11         Orc: D:9-12

Altars:
Dithmenos
Elyvilon
Makhleb
Nemelex Xobeh
Pakellas
Yredelemnul
Zin
The Shining One

Annotations:
D:5 Sigmund
D:6 Edmund, Prince Ribbit


Innate Abilities, Weirdness & Mutations

Your body is rotting away.
You thrive on raw meat.
You are immune to poison.
You have sharp fingernails.
You are carnivorous and can eat meat at any time.
Your flesh is cold resistant.
You are immune to negative energy.
You regenerate slowly when monsters are visible.
You are immune to unholy pain and torment.
You can survive without breathing.


Message History

The giant frog hits you but does no damage.
You hear a bellow! x2
You are covered in liquid flames!
* * * LOW HITPOINT WARNING * * *
You are covered in liquid flames!
* * * LOW HITPOINT WARNING * * *
You are covered in liquid flames!
* * * LOW HITPOINT WARNING * * *
You feel better.
You are covered in liquid flames!
* * * LOW HITPOINT WARNING * * *
The mottled dragon bites you but does no damage.
The mottled dragon claws you but does no damage.
There is a stone staircase leading up here.
The mottled dragon bites you but does no damage.
The mottled dragon claws you but does no damage.
You climb upwards.
The hill giant hits you with a giant club!
You die...
Yredelemnul claims you as an undead slave.

.# #..####.(########).#
.# #. #............# .#
#c...........# .#
#............###### .#
##.....(............
...
.....................
...
...........[.[..######
### ####....D(......#
#....C@......#
#.......[....#
#............##########
#.........[............
#......................
#......................
#..########............
#.. #............
#......).....


You could see a hill giant, a mottled dragon and a centaur.

Vanquished Creatures
  Joseph (D:7)
  A spriggan (D:8)
  A hungry ghost (D:8)
  A hippogriff (D:7)
  Duvessa (D:4)
  2 black bears
  2 ice beasts
  An orc warrior (D:7)
  A phantom (D:8)
  2 sky beasts
  5 ogres
  5 centaurs
  3 big kobolds (D:7)
  A gnoll sergeant (D:8)
  2 giant frogs
  Dowan (D:4)
  6 scorpions
  A water moccasin skeleton (D:7)
  7 wights (D:10)
  A howler monkey (D:6)
  5 crimson imps
  A wasp zombie (D:10)
  A giant frog zombie (D:8)
  2 jellies
  2 quasits
  3 orc priests
  5 hounds
  8 orc wizards
  A centaur skeleton (D:9)
  An iguana (D:9)
  Natasha (thrice) (D:2)
  4 worker ants
  A hell rat (D:11)
  Robin (D:4)
  4 gnolls (D:8)
  6 adders
  A shadow imp (D:10)
  2 oozes
  A worm (D:2)
  A dart slug (D:1)
  3 giant geckos
  17 orcs
  7 bats
  5 giant cockroaches
  11 goblins
  7 hobgoblins
  9 jackals
  25 kobolds
  3 quokkas
  3 ball pythons
  A giant gecko skeleton (D:5)
  4 giant newts
  12 rats
205 creatures vanquished.

Vanquished Creatures (collateral kills)
  Erica (D:7)
  A giant frog (D:8)
2 creatures vanquished.

Vanquished Creatures (others)
  A giant frog zombie (D:8)
  An ogre zombie (D:9)
  A big kobold skeleton (D:7)
  An orc zombie (D:7)
  4 gnoll zombies (D:8)
  4 fungi (D:6)
12 creatures vanquished.

Grand Total: 219 creatures vanquished

Notes
Turn   | Place    | Note
--------------------------------------------------------------
     0 | D:1      | jyri the Ghoul Monk began the quest for the Orb.
     0 | D:1      | Reached XP level 1. HP: 19/19 MP: 0/0
   117 | D:1      | Reached XP level 2. HP: 26/26 MP: 1/1
   207 | D:1      | Reached skill level 5 in Unarmed Combat
   441 | D:1      | Reached XP level 3. HP: 31/31 MP: 2/2
  1168 | D:2      | Noticed Natasha
  1177 | D:2      | Killed Natasha
  1207 | D:2      | Reached skill level 6 in Unarmed Combat
  1207 | D:2      | Reached XP level 4. HP: 37/38 MP: 3/3
  1217 | D:2      | Noticed Natasha
  1227 | D:2      | Killed Natasha
  1734 | D:2      | Found a glowing golden altar of the Shining One.
  1950 | D:2      | Noticed Natasha
  1973 | D:2      | Killed Natasha
  1973 | D:2      | Reached XP level 5. HP: 21/45 MP: 4/4
  2159 | D:3      | Reached skill level 7 in Unarmed Combat
  2498 | D:3      | Reached XP level 6. HP: 51/51 MP: 5/5
  2510 | D:3      | Noticed a sky beast
  2538 | D:3      | Killed a sky beast
  2538 | D:3      | Reached skill level 8 in Unarmed Combat
  3029 | D:4      | Noticed Robin
  3076 | D:4      | Killed Robin
  3291 | D:4      | Reached skill level 9 in Unarmed Combat
  3291 | D:4      | Reached XP level 7. HP: 40/57 MP: 6/6
  3552 | D:4      | Noticed Duvessa
  3553 | D:4      | Noticed Dowan
  3563 | D:4      | Killed Duvessa
  3570 | D:4      | Killed Dowan
  3603 | D:4      | Reached skill level 10 in Unarmed Combat
  3865 | D:4      | Reached XP level 8. HP: 63/63 MP: 7/7
  4012 | D:5      | Entered Level 5 of the Dungeon
  4012 | D:5      | Found a staircase to the Ecumenical Temple.
  4030 | Temple   | Entered the Ecumenical Temple
  4045 | Temple   | Became a worshipper of Yredelemnul the Dark
  4045 | Temple   | Reached * piety under Yredelemnul
  4045 | Temple   | Reached ** piety under Yredelemnul
  4135 | D:5      | Reached skill level 11 in Unarmed Combat
  4197 | D:5      | Noticed Sigmund
  4632 | D:6      | Noticed Prince Ribbit
  5119 | D:6      | Reached skill level 12 in Unarmed Combat
  5486 | D:7      | Reached XP level 9. HP: 69/70 MP: 8/8
  5502 | D:7      | Found an oddly glowing altar of Pakellas.
  5643 | D:7      | Noticed Joseph
  5729 | D:6      | Noticed Edmund
  5765 | D:7      | Killed Joseph
  5765 | D:7      | Reached skill level 13 in Unarmed Combat
  6654 | D:7      | Reached skill level 14 in Unarmed Combat
  6802 | D:7      | Reached *** piety under Yredelemnul
  6960 | D:8      | Found a burning altar of Makhleb.
  7114 | D:8      | Reached XP level 10. HP: 65/77 MP: 9/9
  7186 | D:8      | Reached skill level 15 in Unarmed Combat
  7359 | D:8      | Found a white marble altar of Elyvilon.
  8364 | D:10     | Entered Level 10 of the Dungeon
  8382 | D:10     | Noticed Erica
  8675 | D:7      | Killed Erica
  8929 | D:10     | Reached skill level 16 in Unarmed Combat
  9073 | D:10     | Reached skill level 1 in Invocations
  9099 | D:10     | Noticed a hill giant
  9295 | D:10     | Slain by a hill giant

Vault maps used:
D:1:      scummos_arrival_checkerplants
D:2:      nicolae_tso_carved_into_rock, uniq_natasha
D:4:      uniq_robin, uniq_duvessa
D:5:      minmay_temple_entry_glass, first_bread, kennysheep_nondescript,
          uniq_sigmund
D:6:      old_forge, minivault_25, uniq_edmund, uniq_prince_ribbit1
D:7:      johnstein_pakellas_dig, serial_corexii_hall, corexii_hall_statues_t,
          corexii_hall_statues_i, uniq_joseph
D:8:      cheibrodos_stairvault_heist, makhleb_heckhound_becter,
          lemuel_doored_altar, grunt_pizzeria
D:9:      nicolae_wwwww
D:10:     lemuel_mausoleum_altar_kikubaaqudgha, uniq_erica
D:11:     dpeg_lair_monsters, uniq_urug
Temple:   nicolae_temple_elliptical

Skill      XL: |  1  2  3  4  5  6  7  8  9 10 |
---------------+-------------------------------+-----
Unarmed Combat | 5 6 7 9 10 12 14 16 | 16.1
Invocations    | 2 |  2.3
Fighting       | |  3.2
Dodging        | |  2.6
Stealth        | |  2.1

Action                   |  1- 3 |  4- 6 |  7- 9 | 10-12 || total
-------------------------+-------+-------+-------+-------++-------
Melee: Unarmed           |    63 |   206 |   361 |   147 ||   777
       Punch             |     1 |     2 |    13 |     1 ||    17
 Fire: Blowgun           |       |     3 |     5 |       ||     8
       Hunting sling     |       |       |     2 |     8 ||    10
Invok: Animate Remains   |       |       |     7 |       ||     7
       Animate Dead      |       |       |     1 |     5 ||     6
  Use: Scroll            |       |     4 |     3 |     2 ||     9
       Potion            |       |       |     1 |     3 ||     4
 Stab: Sleeping          |     2 |       |       |       ||     2
       Distracted        |       |       |     2 |       ||     2
  Eat: Chunk             |     8 |    21 |    29 |    10 ||    68
       Pizza             |       |       |       |     1 ||     1
Armor: Robe              |    18 |       |       |       ||    18
       Chain mail        |     7 |   111 |   199 |       ||   317
       Plate armour      |       |       |    59 |    83 ||   142
Dodge: Dodged            |    41 |    50 |   120 |    34 ||   245
